| TOP OF THE 1ST |
|
Greensboro Grasshoppers batting - Pitching for Lakewood BlueClaws : RHP Omar Pineda
|
|
Pitching: RHP Omar Pineda
|
|
|
Batting: RHB Tom Thompson
|
0-0: Ball 1-0: Swinging Strike 1-1: Swinging Strike 1-2: Fly out, F2 (Popup, 2LF, EV 91.3 MPH)
|
|
Batting: RHB Torquato Obawole
|
0-0: Foul Ball, location: 2F 0-1: Foul Ball, location: 2F 0-2: Ball 1-2: Ball 2-2: Foul Ball, location: 2F 2-2: Ground out 1-3 (Groundball, 13, EV 65.6 MPH)
|
|
Batting: RHB Isaiah Brockman
|
0-0: Foul Ball, location: 2F 0-1: Swinging Strike 0-2: Strikes out looking
|
| Top of the 1st over - 0 runs, 0 hits, 0 errors, 0 left on base; Greensboro 0 - Lakewood 0 |
| BOTTOM OF THE 1ST |
|
Lakewood BlueClaws batting - Pitching for Greensboro Grasshoppers : RHP Earl Shepherd
|
|
Pitching: RHP Earl Shepherd
|
|
|
Batting: RHB Alberto Ramirez
|
0-0: Called Strike 0-1: SINGLE (Line Drive, 8RS, EV 105.6 MPH)
|
|
Batting: RHB Steve Jones
|
0-0: Ball Alberto Ramirez steals 2nd base 1-0: Foul Ball, location: 2F 1-1: Swinging Strike 1-2: Foul Ball, location: 2F 1-2: Foul Ball, location: 2F 1-2: Ball 2-2: Strikes out looking
|
|
Batting: SHB Bob Dixon
|
0-0: Fly out, F6 (Popup, 6MS, EV 77.5 MPH)
|
|
Batting: RHB Danny Krug
|
0-0: Called Strike 0-1: Called Strike 0-2: Strikes out looking
|
| Bottom of the 1st over - 0 runs, 1 hit, 0 errors, 1 left on base; Greensboro 0 - Lakewood 0 |
| TOP OF THE 2ND |
|
Greensboro Grasshoppers batting - Pitching for Lakewood BlueClaws : RHP Omar Pineda
|
|
Batting: RHB Jake Shelton
|
0-0: Ball 1-0: Called Strike 1-1: Called Strike 1-2: Strikes out swinging
|
|
Batting: RHB Bob Raine
|
0-0: Called Strike 0-1: Called Strike 0-2: Hit by Pitch
|
|
Batting: RHB Wei-guo Tsu
|
0-0: Ball 1-0: Fly out, F8 (Flyball, 78M, EV 92.5 MPH)
|
|
Batting: RHB Chris Riddick
|
0-0: Swinging Strike 0-1: Ball 1-1: Ball 2-1: Foul Ball, location: 2F 2-2: Ball 3-2: Foul Ball, location: 2F 3-2: Foul Ball, location: 2F 3-2: Ground out 6-3 (Groundball, 6, EV 88.8 MPH)
|
| Top of the 2nd over - 0 runs, 0 hits, 0 errors, 1 left on base; Greensboro 0 - Lakewood 0 |
| BOTTOM OF THE 2ND |
|
Lakewood BlueClaws batting - Pitching for Greensboro Grasshoppers : RHP Earl Shepherd
|
|
Batting: RHB Roberto Ruiz
|
0-0: Ball 1-0: Ground out 5-3 (Groundball, 5L, EV 102.5 MPH)
|
|
Batting: LHB Troy Hodge
|
0-0: Ground out 6-3 (Groundball, 6, EV 87.5 MPH)
|
|
Batting: SHB Mike Rueth
|
0-0: Fly out, F8 (Flyball, 89D, EV 91.9 MPH)
|
| Bottom of the 2nd over - 0 runs, 0 hits, 0 errors, 0 left on base; Greensboro 0 - Lakewood 0 |
| TOP OF THE 3RD |
|
Greensboro Grasshoppers batting - Pitching for Lakewood BlueClaws : RHP Omar Pineda
|
|
Batting: RHB Guillermo Rios
|
0-0: Called Strike 0-1: SINGLE (Groundball, 34D, EV 98.8 MPH)
|
|
Batting: LHB Juan Zuniga
|
0-0: Called Strike 0-1: Grounds into double play, 6-4-3 (Groundball, 6, EV 81.9 MPH)
|
|
Batting: RHB Tom Thompson
|
0-0: Called Strike 0-1: Ground out 6-3 (Groundball, 6, EV 93.1 MPH)
|
| Top of the 3rd over - 0 runs, 1 hit, 0 errors, 0 left on base; Greensboro 0 - Lakewood 0 |
| BOTTOM OF THE 3RD |
|
Lakewood BlueClaws batting - Pitching for Greensboro Grasshoppers : RHP Earl Shepherd
|
|
Batting: RHB Pedro Mata
|
0-0: Called Strike 0-1: Swinging Strike 0-2: Ball 1-2: Ground out 5-3 (Groundball, 5, EV 81.3 MPH)
|
|
Batting: RHB William-Floyd Goof
|
0-0: Ball 1-0: Called Strike 1-1: Foul Ball, location: 2F 1-2: Strikes out swinging
|
|
Batting: RHB Alberto Ramirez
|
0-0: Ground out 5-3 (Groundball, 56S, EV 66.9 MPH)
|
| Bottom of the 3rd over - 0 runs, 0 hits, 0 errors, 0 left on base; Greensboro 0 - Lakewood 0 |
| TOP OF THE 4TH |
|
Greensboro Grasshoppers batting - Pitching for Lakewood BlueClaws : RHP Omar Pineda
|
|
Batting: RHB Torquato Obawole
|
0-0: Called Strike 0-1: Swinging Strike 0-2: Ball 1-2: Foul Ball, location: 2F 1-2: Strikes out swinging
|
|
Batting: RHB Isaiah Brockman
|
0-0: Ball 1-0: Called Strike 1-1: Swinging Strike 1-2: Ball 2-2: Strikes out swinging
|
|
Batting: RHB Jake Shelton
|
0-0: Called Strike 0-1: Ball 1-1: Called Strike 1-2: Foul Ball, location: 2F 1-2: Ball 2-2: Foul Ball, location: 2F 2-2: Foul Ball, location: 2F 2-2: Foul Ball, location: 2F 2-2: Ball 3-2: Fly out, F4 (Flyball, 4D, EV 92.5 MPH)
|
| Top of the 4th over - 0 runs, 0 hits, 0 errors, 0 left on base; Greensboro 0 - Lakewood 0 |
| BOTTOM OF THE 4TH |
|
Lakewood BlueClaws batting - Pitching for Greensboro Grasshoppers : RHP Earl Shepherd
|
|
Batting: RHB Steve Jones
|
0-0: Ball 1-0: Ball 2-0: SINGLE (Groundball, 3S, EV 68.1 MPH) (infield hit)
|
|
Batting: SHB Bob Dixon
|
0-0: Ball Steve Jones is caught stealing 2nd base 2-6 1-0: Ball 2-0: Called Strike 2-1: Ball 3-1: Foul Ball, location: 2F 3-2: Strikes out swinging
|
|
Batting: RHB Danny Krug
|
0-0: Foul Ball, location: 2F 0-1: Swinging Strike 0-2: Ball 1-2: Ball 2-2: Strikes out swinging
|
| Bottom of the 4th over - 0 runs, 1 hit, 0 errors, 0 left on base; Greensboro 0 - Lakewood 0 |
| TOP OF THE 5TH |
|
Greensboro Grasshoppers batting - Pitching for Lakewood BlueClaws : RHP Omar Pineda
|
|
Batting: RHB Bob Raine
|
0-0: Ball 1-0: Foul Ball, location: 2F 1-1: Foul Ball, location: 2F 1-2: Fly out, F4 (Popup, 4S, EV 68.1 MPH)
|
|
Batting: RHB Wei-guo Tsu
|
0-0: Foul Ball, location: 2F 0-1: Ball 1-1: Called Strike 1-2: Ball 2-2: Strikes out swinging
|
|
Batting: RHB Chris Riddick
|
0-0: Foul Ball, location: 2F 0-1: Called Strike 0-2: Ball 1-2: Fly out, F7 (Flyball, 78D, EV 88.8 MPH)
|
| Top of the 5th over - 0 runs, 0 hits, 0 errors, 0 left on base; Greensboro 0 - Lakewood 0 |
| BOTTOM OF THE 5TH |
|
Lakewood BlueClaws batting - Pitching for Greensboro Grasshoppers : RHP Earl Shepherd
|
|
Batting: RHB Roberto Ruiz
|
0-0: Called Strike 0-1: Foul Ball, location: 2F 0-2: Ball 1-2: Strikes out looking
|
|
Batting: LHB Troy Hodge
|
0-0: Ball 1-0: Ball 2-0: Ball 3-0: Called Strike 3-1: Base on Balls
|
|
Batting: SHB Mike Rueth
|
0-0: Fly out, F7 (Flyball, 7D, EV 100.0 MPH)
|
|
Batting: RHB Pedro Mata
|
0-0: Ball 1-0: Called Strike 1-1: Swinging Strike 1-2: Ball 2-2: Ball 3-2: Base on Balls Troy Hodge to second
|
|
Batting: RHB William-Floyd Goof
|
0-0: Ball 1-0: Fly out, F7 (Flyball, 7S, EV 80.0 MPH)
|
| Bottom of the 5th over - 0 runs, 0 hits, 0 errors, 2 left on base; Greensboro 0 - Lakewood 0 |
| TOP OF THE 6TH |
|
Greensboro Grasshoppers batting - Pitching for Lakewood BlueClaws : RHP Omar Pineda
|
|
Batting: RHB Guillermo Rios
|
0-0: Called Strike 0-1: Foul Ball, location: 2F 0-2: Strikes out looking
|
|
Batting: LHB Juan Zuniga
|
0-0: Called Strike 0-1: Ball 1-1: Ball 2-1: Ball 3-1: Ground out 6-3 (Groundball, 6, EV 90.6 MPH)
|
|
Batting: RHB Tom Thompson
|
0-0: Foul Ball, location: 2F 0-1: Ball 1-1: Foul Ball, location: 2F 1-2: Ball 2-2: SINGLE (Groundball, 4MD, EV 100.0 MPH)
|
|
Batting: RHB Torquato Obawole
|
0-0: Foul Ball, location: 2F 0-1: Ball 1-1: Foul Ball, location: 2F 1-2: Strikes out looking
|
| Top of the 6th over - 0 runs, 1 hit, 0 errors, 1 left on base; Greensboro 0 - Lakewood 0 |
| BOTTOM OF THE 6TH |
|
Lakewood BlueClaws batting - Pitching for Greensboro Grasshoppers : RHP Earl Shepherd
|
|
Batting: RHB Alberto Ramirez
|
0-0: Called Strike 0-1: Called Strike 0-2: Ball 1-2: Strikes out swinging
|
|
Batting: RHB Steve Jones
|
0-0: Ball 1-0: Called Strike 1-1: Foul Ball, location: 2F 1-2: Foul Ball, location: 2F 1-2: Foul Ball, location: 2F 1-2: Ball 2-2: Ball 3-2: Foul Ball, location: 2F 3-2: DOUBLE (Line Drive, 89D, EV 110.0 MPH)
|
|
Batting: SHB Bob Dixon
|
0-0: Ball 1-0: Called Strike 1-1: Swinging Strike 1-2: Strikes out swinging
|
|
Batting: RHB Danny Krug
|
0-0: Ball 1-0: Ball 2-0: Ground out U3 (Groundball, 3, EV 103.8 MPH)
|
| Bottom of the 6th over - 0 runs, 1 hit, 0 errors, 1 left on base; Greensboro 0 - Lakewood 0 |
| TOP OF THE 7TH |
|
Greensboro Grasshoppers batting - Pitching for Lakewood BlueClaws : RHP Omar Pineda
|
|
Pitching: LHP Scott Hopkins
|
|
|
Batting: RHB Isaiah Brockman
|
0-0: Ball 1-0: Called Strike 1-1: Fly out, F7 (Flyball, 7LS, EV 90.0 MPH)
|
|
Batting: RHB Jake Shelton
|
0-0: Ball 1-0: Foul Ball, location: 2F 1-1: Ball 2-1: Ball 3-1: Base on Balls
|
|
Batting: RHB Bob Raine
|
0-0: Ball 1-0: Ball 2-0: Swinging Strike 2-1: Ball Jake Shelton is caught stealing 2nd base 2-4 3-1: Fly out, F7 (Flyball, 7D, EV 98.8 MPH)
|
| Top of the 7th over - 0 runs, 0 hits, 0 errors, 0 left on base; Greensboro 0 - Lakewood 0 |
| BOTTOM OF THE 7TH |
|
Lakewood BlueClaws batting - Pitching for Greensboro Grasshoppers : RHP Earl Shepherd
|
|
Batting: RHB Roberto Ruiz
|
0-0: Ball 1-0: Ball 2-0: Ball 3-0: Base on Balls
|
|
Batting: LHB Troy Hodge
|
0-0: Called Strike 0-1: Ball 1-1: Ball 2-1: Ball 3-1: Foul Ball, location: 2F 3-2: Strikes out looking
|
|
Batting: SHB Mike Rueth
|
0-0: Ball 1-0: Swinging Strike 1-1: Grounds into double play, 1-6-3 (Groundball, 13S, EV 70.6 MPH)
|
| Bottom of the 7th over - 0 runs, 0 hits, 0 errors, 0 left on base; Greensboro 0 - Lakewood 0 |
| TOP OF THE 8TH |
|
Greensboro Grasshoppers batting - Pitching for Lakewood BlueClaws : LHP Scott Hopkins
|
|
Batting: RHB Wei-guo Tsu
|
0-0: Ball 1-0: Foul Ball, location: 2F 1-1: Ball 2-1: Called Strike 2-2: Foul Ball, location: 2F 2-2: Strikes out swinging
|
|
Batting: RHB Chris Riddick
|
0-0: Ball 1-0: Ball 2-0: Called Strike 2-1: Foul Ball, location: 2F 2-2: Strikes out looking
|
|
Batting: RHB Guillermo Rios
|
0-0: Ball 1-0: Called Strike 1-1: Ball 2-1: Foul Ball, location: 2F 2-2: Strikes out looking
|
| Top of the 8th over - 0 runs, 0 hits, 0 errors, 0 left on base; Greensboro 0 - Lakewood 0 |
| BOTTOM OF THE 8TH |
|
Lakewood BlueClaws batting - Pitching for Greensboro Grasshoppers : RHP Earl Shepherd
|
|
Pitching: LHP Nick Gore
|
|
|
Batting: RHB Pedro Mata
|
0-0: Ball 1-0: Ball 2-0: Swinging Strike 2-1: Swinging Strike 2-2: Strikes out swinging, 2-3 out at first.
|
|
Batting: RHB William-Floyd Goof
|
0-0: Ball 1-0: Ball 2-0: Foul Ball, location: 2F 2-1: Ground out 6-3 (Groundball, 6, EV 88.1 MPH)
|
|
Batting: RHB Alberto Ramirez
|
0-0: Called Strike 0-1: Ball 1-1: Ball 2-1: Called Strike 2-2: Foul Ball, location: 2F 2-2: Ball 3-2: DOUBLE (Line Drive, 7LS, EV 107.5 MPH)
|
|
Batting: RHB Steve Jones
|
0-0: SINGLE (Groundball, 56S, EV 64.4 MPH) (infield hit) Alberto Ramirez to third
|
|
Batting: SHB Bob Dixon
|
0-0: Ball 1-0: Called Strike 1-1: Foul Ball, location: 2F 1-2: Foul Ball, location: 2F 1-2: Ball 2-2: Hit by Pitch Steve Jones to second
|
|
Pitching: RHP Tim Poist
|
|
|
Batting: RHB Danny Krug
|
0-0: Ball 1-0: SINGLE (Groundball, 56D, EV 103.1 MPH) Alberto Ramirez scores Steve Jones to third Bob Dixon to second Runner from 3rd tries for Home, throw by LF and OUT! 7-2
|
| Bottom of the 8th over - 1 run, 3 hits, 0 errors, 2 left on base; Greensboro 0 - Lakewood 1 |
| TOP OF THE 9TH |
|
Greensboro Grasshoppers batting - Pitching for Lakewood BlueClaws : LHP Scott Hopkins
|
|
Pitching: RHP Derek Ziolkowski
|
|
|
Now in CF: Kyle Morse
|
|
|
Batting: LHB Juan Zuniga
|
0-0: Ball 1-0: Called Strike 1-1: Foul Ball, location: 2F 1-2: Foul Ball, location: 2F 1-2: SINGLE (Line Drive, 8LM, EV 93.1 MPH)
|
|
Batting: RHB Tom Thompson
|
0-0: Ball 1-0: Called Strike 1-1: Called Strike 1-2: Strikes out swinging
|
|
Batting: RHB Torquato Obawole
|
0-0: Swinging Strike 0-1: Ball 1-1: Ball 2-1: Ball 3-1: SINGLE (Groundball, 4MD, EV 103.1 MPH) Juan Zuniga to second Runner from 2nd tries for 3rd, SAFE, no throw by CF
|
|
Batting: RHB Isaiah Brockman
|
0-0: Called Strike 0-1: Swinging Strike 0-2: Ball 1-2: Strikes out swinging
|
|
Batting: RHB Jake Shelton
|
0-0: Called Strike 0-1: Foul Ball, location: 2F 0-2: Foul Ball, location: 2F 0-2: Strikes out swinging
|
| Top of the 9th over - 0 runs, 2 hits, 0 errors, 2 left on base; Greensboro 0 - Lakewood 1 |
|